 Dungeon Crawl Stone Soup version 0.16-a0-3636-gf0307c9 (webtiles) character file.

28 Kemay the Changer (level 3, 20/23 HPs)
             Began as an Octopode Transmuter on Jan 15, 2015.
             Quit the game on level 1 of the Dungeon.
             The game lasted 00:02:11 (1461 turns).

Kemay the Changer (Octopode Transmuter)             Turns: 1461, Time: 00:02:11

Health: 20/23      AC:  1    Str:  9    XL:     3   Next: 12%
Magic:  6/6        EV: 12    Int: 16    God:
Gold:   16         SH:  0    Dex: 12    Spells: 2 memorised, 2 levels left

rFire  . . .     SeeInvis .       - Unarmed
rCold  . . .     Clarity  .     (no shield)
rNeg   . . .     SustAb   .     (helmet restricted)
rPois  .         Gourm    .     b - amulet of inaccuracy (curse)
rElec  .         Spirit   .     (no ring)
rCorr  .         Warding  .     (no ring)
rMut   .         Stasis   .     (no ring)
MR     .....                    (no ring)
Stlth  ++........               (no ring)
                                (no ring)
                                (no ring)
                                (no ring)

@: not resistant to hostile enchantments, unstealthy
A: almost no armour, amphibious, 8 rings, constrict 8, camouflage 1, gelatinous
body 1
a: no special abilities


You were on level 1 of the Dungeon.
You were not hungry.

You visited 1 branch of the dungeon, and saw 1 of its levels.

You collected 16 gold pieces.

Inventory:

Jewellery
 b - a cursed amulet of inaccuracy (around mantle)
Scrolls
 c - 3 scrolls of teleportation
Books
 d - a book of Changes

   Spells                             Type                      Level
   a - Beastly Appendage              Transmutation                1
   b - Sticks to Snakes               Transmutation                2
   c - Spider Form                    Transmutation/Poison         3
   d - Ice Form                       Ice/Transmutation            4
   e - Blade Hands                    Transmutation                5
Comestibles
 a - a bread ration
 f - 4 chunks of flesh


   Skills:
 - Level 1.0 Fighting
 - Level 2.0 Dodging
 - Level 3.0 Unarmed Combat
 - Level 2.0 Spellcasting
 + Level 3.5 Transmutations
 + Level 0.0 Poison Magic


You had 2 spell levels left.
You knew the following spells:

 Your Spells              Type           Power        Failure   Level  Hunger
a - Beastly Appendage     Trmt           ##....       6%          1    #......
b - Spider Form           Trmt/Pois      #.........   34%         3    ###....


Dungeon Overview and Level Annotations

Branches:
Dungeon (1/15)

Altars:


Innate Abilities, Weirdness & Mutations

You cannot wear most types of armour.
You are amphibious.
You can wear up to eight rings at the same time.
You can use your tentacles to constrict many enemies at once.
Your skin changes colour to match your surroundings (Stealth).
Your rubbery body absorbs attacks (AC +1).


Message History

a club; a hobgoblin corpse You butcher the hobgoblin corpse.
f - 4 chunks of flesh (gained 2)
Things that are here:
a club; a hobgoblin skeleton A bat comes into view.
The bat completely misses you. The bat hits you.
You see here a scroll labeled ESOACO MIAGIPP.
e - a scroll labeled ESOACO MIAGIPP The bat barely misses you.
You tentacle-slap the bat.
You kill the bat!
Read which item? (? for menu, Esc to quit)
As you read the scroll labeled ESOACO MIAGIPP, it crumbles to dust.
It is a scroll of identify.
You don't have any unidentified items.
Quiver which item? (- for none, * to show all) (? for menu, Esc to quit)
Okay, then.
Are you sure you want to abandon this character and quit the game? (Confirm with "yes".)

#...............................#
......##############.####.#####.#
......# #.# #.####..# ......#
#### #># #........ ......#
#...#####.# #..##...# ......#
#.........# #..#....# ......#
#.........# #..#....# #######
#.........####..#..#.# #
#....@....#........#.# #
#.........#.#...##.#)# #
#.###.#..........#.... # #
#.#.#.#.#.##.#.#.# # ##########
#.....#)#.#....#.# ###........#
#.....#.#.##(#.#.# ...#.#####.#
#.....#.#....#.#.# ##.#.###.#
#.#.#.#.#......#.# #........#
#.#...#.#.######.#


There were no monsters in sight!

Vanquished Creatures
  A giant cockroach (D:1)
  4 hobgoblins (D:1)
  10 jackals (D:1)
  2 bats (D:1)
  2 giant newts (D:1)
  A goblin (D:1)
  2 kobolds (D:1)
  3 rats (D:1)
25 creatures vanquished.

Notes
Turn   | Place    | Note
--------------------------------------------------------------
     0 | D:1      | Kemay, the Octopode Transmuter, began the quest for the Orb.
     0 | D:1      | Reached XP level 1. HP: 13/13 MP: 3/3
   223 | D:1      | Reached XP level 2. HP: 12/18 MP: 2/4
  1287 | D:1      | Reached XP level 3. HP: 14/23 MP: 6/6
  1300 | D:1      | Learned a level 3 spell: Spider Form
  1461 | D:1      | Quit the game

Action                   || total
-------------------------++-------
Melee: Unarmed           ||    88
 Cast: Beastly Appendage ||     4
 Abil: End Transformatio ||     1
  Use: Scroll            ||     2
  Eat: Chunk             ||     2
